[Event "Queen Rapid Challenge 2024"]
[Site "Bucharest"]
[Date "2024.03.10"]
[Round "2.6"]
[White "Sandu, Mihaela"]
[Black "Batagan, Ilinca-Petra"]
[Result "1/2-1/2"]
[ECO "C71"]
[WhiteElo "2270"]
[BlackElo "1915"]
[Annotator "TA"]
[PlyCount "84"]
[EventDate "2024.03.09"]
[EventType "rapid"]
[EventCountry "ROU"]
[SourceTitle "playchess.com"]
[Source "ChessBase"]
[SourceQuality "1"]
[TimeControl "900+10"]

1. e4 e5 2. Nf3 Nc6 3. Bb5 a6 4. Ba4 d6 5. Nc3 Bd7 6. O-O g6 (6... Nf6 $11 {should be considered.}) 7. d4 $14 {[%emt 0:00:30] Strongly threatening dxe5.} Bg7 8. dxe5 {[%emt 0:00:13] White is slightly better.} Nxe5 9. Bxd7+ (9. Nxe5 $14 Bxe5 10. Bb3) 9... Qxd7 10. Nd5 Nf6 {[%emt 0:01:46] [#]} (10... O-O-O $14) 11. Bh6 $1 Nxd5 (11... Nxf3+ 12. Qxf3) 12. Bxg7 Nxf3+ 13. Qxf3 Rg8 14. Bh6 Ne7 15. Bg5 Qe6 {[%emt 0:00:21] [#]} (15... Nc6 $1 $14) 16. e5 $1 $16 dxe5 (16... O-O-O $2 17. exd6 Qxd6 18. Qxf7 $18) 17. Qxb7 Rc8 18. Rfe1 {[%emt 0:00:16] White has more active pieces. The black rooks are passive.} (18. Qb3 $16) 18... f6 $11 19. Be3 Kf7 20. b3 $36 {[%emt 0:00:19][%mdl 2048] White has some pressure.} Qc6 21. Qb4 (21. Qxc6 {simplifies} Nxc6 22. Bc5 Rgd8 23. Re4) 21... Nd5 22. Qh4 Nxe3 (22... h5 {simplifies} 23. Qe4 Rcd8 24. Red1 Rge8) 23. Rxe3 Qxc2 (23... h5 $11 {remains equal.}) 24. Qxh7+ $16 Rg7 25. Qh4 Rd8 (25... Rgg8 $16 {was necessary.}) 26. h3 (26. Rxe5 $18 {aiming for Rae1.} g5 27. Qh5+ Qg6 28. Qf3) 26... Rd4 $14 27. Qg3 Rg8 (27... g5 $14) 28. Kh2 $2 (28. Rc3 $18 Qe4 29. Rxc7+ Ke6 30. Rac1) 28... Qb2 29. Rae1 Rf4 (29... Qxa2 $14 30. Rf3 Qa5 (30... Kg7 $2 31. Rxf6 $18)) 30. Rf3 ({Better is} 30. R1e2 $16 Qd4 31. Rd3) 30... Qd2 31. Ree3 Rxf3 32. Qxf3 {[%emt 0:00:06][%mdl 4096] Endgame. KQR-KQR} Qd6 (32... Re8 $142) 33. g3 ({White should try} 33. Rd3 $16 Qe6 34. Rc3) 33... Rd8 34. Rc3 c5 35. Rc4 Qd5 (35... Rd7 $14) 36. Qe3 $16 Rc8 37. Rh4 (37. Qe2 $16) 37... Qd1 $2 (37... g5 $1 $14 38. Rc4 Rc6) 38. Rh7+ Ke6 39. Qe4 Qd4 40. Qb7 (40. Qxg6 Qxf2+ 41. Kh1 Qf3+ (41... Qf1+ $2 42. Kh2 $19) 42. Kh2 (42. Kg1 Rd8 $15) 42... Rd8 $11) (40. Qe2 $16 Rd8 41. Ra7 (41. Qxa6+ Kf5 $16)) 40... Qxf2+ $15 41. Kh1 Qf1+ 42. Kh2 Qf2+ {[%emt 0:00:15] Weighted Error Value: White=0.36/Black=0.40.  Loses game:     	---       	Black=1      Mistake:       	White=9     	Black=9      Inaccurate:     	White=2     	Black=4      OK:         	White=11    	Black=10     Best:        	White=4     	Black=4      Brilliant:      	White=1     	---} 1/2-1/2

[Event "Queen Rapid Challenge 2024"]
[Site "Bucharest"]
[Date "2024.03.10"]
[Round "2.7"]
[White "Cosman, Andreea-Marioara"]
[Black "Aldea, Maria-Antonia"]
[Result "1-0"]
[ECO "E43"]
[WhiteElo "2115"]
[BlackElo "1855"]
[Annotator "RC"]
[PlyCount "98"]
[EventDate "2024.03.09"]
[EventType "rapid"]
[EventCountry "ROU"]
[SourceTitle "playchess.com"]
[Source "ChessBase"]
[SourceQuality "1"]
[TimeControl "900+10"]

1. d4 Nf6 2. c4 e6 3. Nc3 Bb4 4. e3 b6 5. Nf3 Bb7 6. Bd3 Bxc3+ 7. bxc3 d6 8. O-O Nbd7 9. Qe2 O-O 10. e4 e5 11. Bg5 Qe8 12. d5 h6 13. Bd2 Bc8 14. Nh4 Nc5 15. Bc2 Qe7 16. Nf5 Bxf5 17. exf5 Rae8 18. Rae1 Qd7 19. Qf3 e4 20. Qh3 Kh7 21. g4 Ng8 22. f3 exf3 23. f6+ g6 24. Qxf3 Rxe1 25. Rxe1 Re8 26. Bxg6+ fxg6 27. Rxe8 Qxe8 28. f7 Qf8 29. fxg8=Q+ Qxg8 30. Be3 Qg7 31. Qf4 Nd3 32. Qe4 Ne5 33. h4 Qd7 34. g5 h5 35. Qf4 Qg4+ 36. Qxg4 Nxg4 37. Bd4 Ne5 38. Bxe5 dxe5 39. Kf2 Kg7 40. Ke3 Kf7 41. Ke4 Ke7 42. Kxe5 a6 43. a3 a5 44. a4 Kf7 45. d6 cxd6+ 46. Kxd6 Kg7 47. Kc6 Kf7 48. Kxb6 Ke6 49. c5 Kd7 1-0

[Event "Queen Rapid Challenge 2024"]
[Site "Bucharest"]
[Date "2024.03.10"]
[Round "2.8"]
[White "Iordache, Alexia-Andreea"]
[Black "Schiopu, Oana-Magdalena"]
[Result "1-0"]
[ECO "B90"]
[WhiteElo "1866"]
[BlackElo "1850"]
[Annotator "NA RC"]
[PlyCount "41"]
[EventDate "2024.03.09"]
[EventType "rapid"]
[EventCountry "ROU"]
[SourceTitle "playchess.com"]
[Source "ChessBase"]
[SourceQuality "1"]
[TimeControl "900+10"]

1. e4 c5 2. Nf3 d6 3. d4 cxd4 4. Nxd4 Nf6 5. Nc3 a6 6. Be3 e5 7. Nf3 Nc6 8. Nd2 Be7 9. Nc4 Be6 10. Nb6 Rb8 11. f3 h5 12. Qd2 Nd7 13. Ncd5 Bxd5 14. Nxd5 Nc5 15. O-O-O b5 16. Nxe7 Kxe7 17. Bxc5 Nd4 18. Bxd4 exd4 19. Qg5+ f6 20. Qxg7+ Ke6 21. g3 1-0

[Event "Queen Rapid Challenge 2024"]
[Site "Bucharest"]
[Date "2024.03.10"]
[Round "2.9"]
[White "Schiopu, Andreea-Alexandra"]
[Black "Ciolacu, Alessia-Mihaela"]
[Result "0-1"]
[ECO "D02"]
[WhiteElo "1830"]
[BlackElo "2175"]
[Annotator "RC"]
[PlyCount "62"]
[EventDate "2024.03.09"]
[EventType "rapid"]
[EventCountry "ROU"]
[SourceTitle "playchess.com"]
[Source "ChessBase"]
[SourceQuality "1"]
[TimeControl "900+10"]

1. Nf3 c5 2. d4 cxd4 3. Nxd4 d5 4. g3 e5 5. Nb3 Nf6 6. Bg2 Be6 7. O-O Be7 8. Nc3 h6 9. Qd3 Nc6 10. Qb5 O-O 11. Qxb7 Nb4 12. Rd1 Nxc2 13. Rb1 Nb4 14. a3 Rb8 15. Qxa7 Nc6 16. Qa4 Bd7 17. Na1 Nd4 18. Qa6 Bf5 19. e4 dxe4 20. Be3 Qc7 21. Rbc1 Rb6 22. Qa5 Rc6 23. Qxc7 Rxc7 24. Bxd4 exd4 25. Rxd4 Bc5 26. Rd2 e3 27. Rdd1 exf2+ 28. Kh1 Be3 29. Nd5 Nxd5 30. Rxc7 Nxc7 31. Nb3 Bc2 0-1

[Event "Queen Rapid Challenge 2024"]
[Site "Bucharest"]
[Date "2024.03.10"]
[Round "2.10"]
[White "Pirvulescu, Ekaterina"]
[Black "Chicarosie, Ioana-Bianca"]
[Result "1-0"]
[ECO "C41"]
[WhiteElo "2091"]
[BlackElo "1820"]
[Annotator "NA RC"]
[PlyCount "77"]
[EventDate "2024.03.09"]
[EventType "rapid"]
[EventCountry "ROU"]
[SourceTitle "playchess.com"]
[Source "ChessBase"]
[SourceQuality "1"]
[TimeControl "900+10"]

1. e4 d6 2. d4 Nf6 3. Nc3 Nbd7 4. Nf3 e5 5. Bc4 h6 6. O-O Be7 7. a4 O-O 8. a5 c6 9. Re1 Nh7 10. Be3 Ng5 11. Nxg5 Bxg5 12. Qd2 Bxe3 13. Rxe3 Qe7 14. Rg3 Kh8 15. Re1 Nf6 16. Qd1 exd4 17. Qxd4 Qe5 18. Qxe5 dxe5 19. Rd3 b5 20. axb6 axb6 21. Rd6 Bb7 22. f3 Kg8 23. Red1 Rfc8 24. Kf2 Kf8 25. g4 Ke7 26. R6d2 Ba6 27. Bb3 Bb7 28. h4 g5 29. h5 b5 30. Ne2 c5 31. Bd5 Nxd5 32. exd5 Rd8 33. Ng3 Bc8 34. d6+ Ke6 35. Ne4 f5 36. Nxc5+ Kf6 37. d7 Ba6 38. Rd6+ Ke7 39. gxf5 1-0

[Event "Queen Rapid Challenge 2024"]
[Site "Bucharest"]
[Date "2024.03.10"]
[Round "3.1"]
[White "Bulmaga, Irina"]
[Black "Pirvulescu, Ekaterina"]
[Result "1-0"]
[ECO "C10"]
[WhiteElo "2429"]
[BlackElo "2091"]
[Annotator "TA"]
[PlyCount "61"]
[EventDate "2024.03.09"]
[EventType "rapid"]
[EventCountry "ROU"]
[SourceTitle "playchess.com"]
[Source "ChessBase"]
[SourceQuality "1"]
[TimeControl "900+10"]

1. e4 c5 2. Nf3 e6 3. c3 d5 4. exd5 Qxd5 5. d4 Nf6 6. Na3 Nc6 7. Be3 cxd4 8. Nb5 Qd8 9. Nbxd4 Nxd4 10. Bxd4 Be7 11. Bd3 O-O 12. O-O b6 13. Qe2 {[%emt 0:00:08] aiming for Bxf6.} Bb7 14. Ba6 Bxa6 {[%emt 0:00:41] The position is equal.} 15. Qxa6 Qd5 16. Rad1 Qf5 17. Bxf6 Bxf6 18. Rd7 Qc2 19. Rd2 Qf5 20. h3 e5 ({Better is} 20... Rfb8 $11) 21. Rfd1 e4 22. Nd4 Qf4 23. Qe2 Rfe8 (23... Rae8 $11) 24. Nc2 $16 Be5 25. g3 Qf5 26. Kg2 Bf6 27. Ne3 Qa5 28. Nd5 {[%emt 0:00:16] Threatens to win with Nxf6+.} Be5 (28... e3 $16 29. fxe3 (29. Nxe3 Qxa2 30. Qf3 Qe6 $16) 29... Be5) 29. Qxe4 $18 f6 $2 {[%emt 0:02:14] [#] Black is weak on the light squares} (29... Rab8 30. Qc4 Qc5 31. Qxc5 bxc5) 30. Ne7+ $1 Kh8 {[%emt 0:00:16] [#]} (30... Rxe7 31. Qxa8+) 31. Qxa8 $3 {[%emt 0:00:12][%mdl 512] Weighted Error Value: White=0.10 (very precise) /Black=0.58.  Mistake:       	---       	Black=4      Inaccurate:     	White=3     	Black=3      OK:         	White=7     	Black=4      Best:        	White=3     	Black=1      Brilliant:      	White=1     	---} 1-0

[Event "Queen Rapid Challenge 2024"]
[Site "Bucharest"]
[Date "2024.03.10"]
[Round "3.2"]
[White "Ciolacu, Alessia-Mihaela"]
[Black "Obada, Ema"]
[Result "0-1"]
[ECO "E59"]
[WhiteElo "2175"]
[BlackElo "1976"]
[Annotator "RC"]
[PlyCount "68"]
[EventDate "2024.03.09"]
[EventType "rapid"]
[EventCountry "ROU"]
[SourceTitle "playchess.com"]
[Source "ChessBase"]
[SourceQuality "1"]
[TimeControl "900+10"]

1. d4 Nf6 2. c4 e6 3. Nc3 Bb4 4. e3 O-O 5. Bd3 d5 6. a3 Bxc3+ 7. bxc3 dxc4 8. Bxc4 c5 9. Nf3 Qc7 10. Be2 Nc6 11. Bb2 Rd8 12. O-O e5 13. Qc2 Be6 14. dxe5 Nxe5 15. Nxe5 Qxe5 16. c4 Qe4 17. Qc3 Rab8 18. a4 Qg6 19. Rfd1 Ne4 20. Qe5 Re8 21. Qf4 Bh3 22. Bf1 Rbd8 23. Kh1 Be6 24. Be2 f6 25. h4 Nd2 26. h5 Qc2 27. Ba3 Nb3 28. Rxd8 Rxd8 29. Re1 Qd2 30. Rb1 Qa2 31. Re1 Qxa3 32. Qc7 Re8 33. Qxb7 Qb4 34. Qc6 Qxe1+ 0-1

[Event "Queen Rapid Challenge 2024"]
[Site "Bucharest"]
[Date "2024.03.10"]
[Round "3.3"]
[White "Stanciu, Andreea-Briana"]
[Black "Raeva, Elitsa"]
[Result "0-1"]
[ECO "B08"]
[WhiteElo "1976"]
[BlackElo "2185"]
[Annotator "RC"]
[PlyCount "138"]
[EventDate "2024.03.09"]
[EventType "rapid"]
[EventCountry "ROU"]
[SourceTitle "playchess.com"]
[Source "ChessBase"]
[SourceQuality "1"]
[TimeControl "900+10"]

1. d4 Nf6 2. Bf4 d6 3. Nc3 g6 4. e4 Bg7 5. Nf3 O-O 6. Bd3 c6 7. h3 Nbd7 8. Qd2 Re8 9. Bh6 Bh8 10. e5 Nd5 11. Nxd5 cxd5 12. e6 Nf6 13. Bb5 Bxe6 14. Bxe8 Qxe8 15. O-O Rc8 16. Ng5 Bf5 17. c3 Ne4 18. Nxe4 dxe4 19. d5 Bd7 20. Be3 b6 21. Bd4 f6 22. Rfe1 e5 23. dxe6 Qxe6 24. a4 Bc6 25. a5 Qd5 26. Qe3 bxa5 27. Bxa7 f5 28. Red1 Qb5 29. Qb6 Qxb6 30. Bxb6 a4 31. Rxd6 Kf7 32. Rd8 Rxd8 33. Bxd8 Bb5 34. Bb6 Be5 35. g3 Ke6 36. Rd1 Bd3 37. Ra1 Bc2 38. Kf1 Kd5 39. Ke2 Kc4 40. Kd2 Kb3 41. Bd4 Bd6 42. c4 Bd3 43. c5 Bc7 44. Ra3+ Kb4 45. Rxd3 exd3 46. Kxd3 Kb5 47. g4 Kc6 48. Kc4 fxg4 49. hxg4 Ba5 50. g5 Be1 51. f4 Bd2 52. Be5 Be3 53. Bd6 Bd2 54. Kd3 Bb4 55. Kc4 Bd2 56. Be5 Be1 57. Bd6 Bd2 58. Kd3 Bb4 59. Kd4 Ba5 60. Ke5 Bc3+ 61. Ke6 Bxb2 62. Be5 Bxe5 63. fxe5 a3 64. Kf7 a2 65. e6 a1=Q 66. e7 Qf1+ 67. Kg7 Qe2 68. Kf7 Qf3+ 69. Kg7 Kd7 0-1

[Event "Queen Rapid Challenge 2024"]
[Site "Bucharest"]
[Date "2024.03.10"]
[Round "3.4"]
[White "Hoanca, Alexia-Ioana"]
[Black "Cosman, Andreea-Marioara"]
[Result "0-1"]
[ECO "B90"]
[WhiteElo "1849"]
[BlackElo "2115"]
[Annotator "RC"]
[PlyCount "78"]
[EventDate "2024.03.09"]
[EventType "rapid"]
[EventCountry "ROU"]
[SourceTitle "playchess.com"]
[Source "ChessBase"]
[SourceQuality "1"]
[TimeControl "900+10"]

1. e4 c5 2. Nf3 d6 3. d4 Nf6 4. Nc3 cxd4 5. Nxd4 a6 6. Be3 e5 7. Nf3 Be7 8. Nd2 b5 9. a4 b4 10. Nd5 Nxd5 11. exd5 Nd7 12. a5 O-O 13. Nc4 f5 14. Bd2 Rb8 15. Ra4 b3 16. cxb3 Nc5 17. Rb4 Bb7 18. Nb6 f4 19. Be2 e4 20. O-O Qe8 21. f3 e3 22. Bc3 Qh5 23. Bd4 Bh4 24. Bxc5 dxc5 25. Re4 Rf5 26. Bc4 Bf2+ 27. Rxf2 exf2+ 28. Kxf2 Rbf8 29. Re7 Qxh2 30. d6+ Kh8 31. Qf1 Bxf3 32. Kxf3 Qg3+ 33. Ke2 f3+ 34. gxf3 Rxf3 35. Qe1 Qxd6 36. Re6 Qd4 37. Qc3 Rxc3 38. bxc3 Rf2+ 39. Ke1 Qd2# 0-1

[Event "Queen Rapid Challenge 2024"]
[Site "Bucharest"]
[Date "2024.03.10"]
[Round "3.5"]
[White "Rata, Anamaria"]
[Black "Iordache, Alexia-Andreea"]
[Result "0-1"]
[ECO "B56"]
[WhiteElo "1790"]
[BlackElo "1866"]
[Annotator "NA RC"]
[PlyCount "60"]
[EventDate "2024.03.09"]
[EventType "rapid"]
[EventCountry "ROU"]
[SourceTitle "playchess.com"]
[Source "ChessBase"]
[SourceQuality "1"]
[TimeControl "900+10"]

1. e4 c5 2. Nf3 d6 3. d4 cxd4 4. Nxd4 Nf6 5. Nc3 Nc6 6. Be3 Ng4 7. Nxc6 bxc6 8. Bg5 h6 9. Bh4 g5 10. Bg3 Bg7 11. Bc4 Qb6 12. Bb3 Ne5 13. Qd2 a5 14. f4 Ng4 15. h3 Qe3+ 16. Qxe3 Nxe3 17. Kf2 Bd4 18. Ke2 Nxg2 19. Kf3 Nxf4 20. Bxf4 gxf4 21. Kxf4 Rg8 22. Na4 Be5+ 23. Kf3 Rg3+ 24. Kf2 Bxh3 25. Nb6 Ra6 26. Nc4 Rg2+ 27. Kf3 Rg3+ 28. Kf2 Bf4 29. Ba4 Be6 30. b3 Bxc4 0-1

[Event "Queen Rapid Challenge 2024"]
[Site "Bucharest"]
[Date "2024.03.10"]
[Round "3.6"]
[White "Batagan, Ilinca-Petra"]
[Black "Popa, Andra-Maria"]
[Result "1-0"]
[ECO "B84"]
[WhiteElo "1915"]
[BlackElo "1774"]
[Annotator "RC"]
[PlyCount "69"]
[EventDate "2024.03.09"]
[EventType "rapid"]
[EventCountry "ROU"]
[SourceTitle "playchess.com"]
[Source "ChessBase"]
[SourceQuality "1"]
[TimeControl "900+10"]

1. e4 c5 2. Nf3 e6 3. d4 cxd4 4. Nxd4 a6 5. Nc3 d6 6. Be2 Nf6 7. Be3 Be7 8. O-O O-O 9. f4 Qc7 10. Qe1 b5 11. a3 Bb7 12. Bf3 Nbd7 13. Qg3 Nc5 14. e5 Nfe4 15. Nxe4 Nxe4 16. Bxe4 Bxe4 17. f5 exf5 18. Bh6 g6 19. Bxf8 Kxf8 20. e6 f6 21. c3 Qb6 22. Rae1 d5 23. Qh4 Kg7 24. Re3 Bc5 25. Rh3 Bxd4+ 26. cxd4 h5 27. Rg3 Rh8 28. Qf4 Qxe6 29. Rc1 Re8 30. Qh4 Kh6 31. Rgc3 Re7 32. Rc6 Qf7 33. Rxf6 Qh7 34. Rcc6 Rg7 35. Qf4# 1-0

[Event "Queen Rapid Challenge 2024"]
[Site "Bucharest"]
[Date "2024.03.10"]
[Round "3.7"]
[White "Sgircea, Silvia-Raluca"]
[Black "Sandu, Mihaela"]
[Result "1-0"]
[ECO "E06"]
[WhiteElo "2224"]
[BlackElo "2270"]
[Annotator "TA"]
[PlyCount "91"]
[EventDate "2024.03.09"]
[EventType "rapid"]
[EventCountry "ROU"]
[SourceTitle "playchess.com"]
[Source "ChessBase"]
[SourceQuality "1"]
[TimeControl "900+10"]

1. d4 Nf6 2. c4 e6 3. g3 Bb4+ 4. Nd2 d5 5. Bg2 O-O 6. Ngf3 c5 7. dxc5 Bxc5 8. O-O Nc6 9. Nb3 Be7 10. cxd5 Nxd5 11. Nfd4 {[%emt 0:02:06] The position is equal.} Bd7 12. e4 Nb6 13. Qe2 Bf6 14. Be3 Nxd4 15. Nxd4 Qe7 (15... Ba4 $11 16. Nb5 a6) 16. Rac1 e5 (16... Rfd8 $11) 17. Nb5 {[%emt 0:00:56] White is more active. White leaves nothing to chance now.} Qb4 (17... Rfc8 $16) 18. Nc7 $18 Qa5 (18... Rac8 $142 19. Bc5 Qa5) 19. Nxa8 Rxa8 20. Rfd1 {[%emt 0:01:45] [#] Hoping for Bxb6.} Bb5 21. Qd2 Qxa2 22. Qb4 Bc6 (22... Qa4 23. Qc3 Be2) 23. Ra1 Qc4 {[%emt 0:00:37] [#]} 24. Qxb6 h5 (24... a6 25. Rac1) 25. Qc5 Qe2 26. Rd2 Qg4 27. f3 Qe6 28. Rxa7 Rc8 29. Qa3 h4 30. Ra8 Rxa8 31. Qxa8+ Kh7 32. Qa3 Qc4 33. Qc3 Qa6 34. Bf1 Qa1 35. Kf2 h3 36. Qc2 Be7 37. Rd1 Qa5 38. Bxh3 Ba4 39. b3 Bc6 40. Bf1 Qb4 41. Bc4 f6 42. Qd2 Qa3 43. Qc3 Qa2+ 44. Qd2 Qa3 45. Bd5 Bb4 46. Qc2 {[%emt 0:00:10] Weighted Error Value: White=0.14 (very precise) /Black=0.68.  Mistake:       	---       	Black=5      Inaccurate:     	White=1     	Black=2      OK:         	White=2     	Black=3      Best:        	White=3     	---        Brilliant:      	White=1     	---} 1-0

[Event "Queen Rapid Challenge 2024"]
[Site "Bucharest"]
[Date "2024.03.10"]
[Round "3.8"]
[White "Cosma, Elena-Luminita"]
[Black "Petculescu, Diana-Silvana"]
[Result "1-0"]
[ECO "D30"]
[WhiteElo "2238"]
[BlackElo "1734"]
[Annotator "TA"]
[PlyCount "57"]
[EventDate "2024.03.09"]
[EventType "rapid"]
[EventCountry "ROU"]
[SourceTitle "playchess.com"]
[Source "ChessBase"]
[SourceQuality "1"]
[TimeControl "900+10"]

1. d4 Nf6 2. Nf3 d5 3. g3 e6 4. Bg2 c5 5. c4 Nc6 6. cxd5 exd5 7. O-O cxd4 8. Nxd4 Bc5 9. Nb3 Bb6 10. Bg5 Be6 11. Nc3 Ne7 ({Better is} 11... O-O $14) 12. Bxf6 $16 {[%emt 0:00:50] White is clearly better.} gxf6 13. Na4 Rc8 14. Rc1 Rxc1 15. Qxc1 Bd7 (15... O-O $16 16. Qh6 Nf5) 16. Nxb6 Qxb6 17. Rd1 Qc6 (17... O-O $16 18. Bxd5 Nxd5) 18. Qe3 Qc2 (18... Qe6 {might work better.} 19. Qxa7 (19. Bxd5 Nxd5 20. Rxd5 Qxe3 $16) 19... Qxe2) 19. Rc1 Qxb2 20. Bxd5 Qxa2 21. Bxb7 Be6 22. Nd4 {[%emt 0:00:56] White is more active.} Qb2 $2 {[%emt 0:00:33][%mdl 8192] A mistake that costs the game.} (22... O-O $16 23. Qh6 Ng6) 23. Nxe6 (23. Bc6+ $142 Nxc6 24. Nxe6 (24. Rxc6 O-O $18)) 23... fxe6 $18 24. Bf3 {[%emt 0:00:28] [#] Black must now prevent Bh5+.} Kf7 $2 (24... h5 25. h4 e5) 25. Rc7 (25. Bh5+ $142 Kf8 26. Rc7 Qb1+ 27. Kg2 Qb4 28. Qh6+ (28. Qxe6 Kg7 29. Rxe7+ Qxe7 30. Qxe7+ Kh6 31. Bf7 Rg8 32. Bxg8 Kg6 33. Qxh7+ Kg5 34. h4+ Kg4 35. Qg6#) 28... Kg8 29. Qxf6 (29. Rxa7 Qe4+ 30. Kh3 Qf5+ 31. g4 Qg6 32. Ra8+ Kf7 33. Bxg6+ hxg6 34. Qxh8 e5) 29... Qe4+ 30. Bf3) 25... h5 26. h4 (26. Qc5 $142 Qb1+ 27. Kg2 Re8 28. Bxh5+ (28. Qxa7 Kf8 $18) 28... Kg8 29. Bxe8 Nf5 30. Bf7+ (30. Qxa7 Qe4+ 31. Kh3 Qb1 32. Bf7+ Kh7 33. Bh5+ Ne7 34. Rc5 Kh8 35. Qxe7 Qf5+ 36. Rxf5 exf5 37. Bg6 Kg8 38. Qh7+ Kf8 39. Qf7#) 30... Kh7 31. Bxe6+ (31. Rxa7 Qe4+ 32. Kh3 Qb1 33. Bh5+ Ng7 34. Qf8 Qf5+ 35. g4 Qg5) 31... Kg6 32. Bxf5+ (32. Qxa7 Qe4+ 33. Kh3 Qxe6 $18) 32... Qxf5 33. Qe7 (33. Qxa7 Qe4+ 34. Kh3 Qe6+ 35. g4 f5 36. Rg7+ Kf6 37. g5+ Ke5 38. Qc5+ Ke4)) 26... a5 (26... Qb6 $142) 27. Qc5 Qa1+ 28. Kg2 Re8 29. Bxh5+ {[%emt 0:00:09] Weighted Error Value: White=0.79/Black=1.23.  Loses game:     	---       	Black=1      Mistake:       	White=2     	Black=5      Inaccurate:     	---       	Black=3      OK:         	White=3     	Black=2} 1-0

[Event "Queen Rapid Challenge 2024"]
[Site "Bucharest"]
[Date "2024.03.10"]
[Round "3.9"]
[White "Maria, Lia-Alexandra"]
[Black "Pandelescu, Maria-Catalina"]
[Result "1-0"]
[ECO "D34"]
[WhiteElo "1996"]
[BlackElo "1701"]
[Annotator "NA RC"]
[PlyCount "50"]
[EventDate "2024.03.09"]
[EventType "rapid"]
[EventCountry "ROU"]
[SourceTitle "playchess.com"]
[Source "ChessBase"]
[SourceQuality "1"]
[TimeControl "900+10"]

1. Nf3 d5 2. c4 e6 3. g3 c5 4. cxd5 exd5 5. d4 Nc6 6. Bg2 Nf6 7. O-O c4 8. Nc3 Bb4 9. Bg5 Bxc3 10. bxc3 Be6 11. Nd2 O-O 12. e4 Ne7 13. Bxf6 gxf6 14. Qf3 f5 15. e5 b5 16. Qh5 Ng6 17. Nf3 f6 18. a4 fxe5 19. dxe5 bxa4 20. Ng5 Qe7 21. Rxa4 Qd7 22. Ra6 Rae8 23. Rd6 Qg7 24. Nxe6 Qxe5 25. Nxf8 Qxd6 1-0

[Event "Queen Rapid Challenge 2024"]
[Site "Bucharest"]
[Date "2024.03.10"]
[Round "3.10"]
[White "Didiliuc, Dariana-Gabriela"]
[Black "Mihalea, Maria-Ioana"]
[Result "1-0"]
[ECO "D15"]
[WhiteElo "1917"]
[BlackElo "1712"]
[Annotator "RC"]
[PlyCount "96"]
[EventDate "2024.03.09"]
[EventType "rapid"]
[EventCountry "ROU"]
[SourceTitle "playchess.com"]
[Source "ChessBase"]
[SourceQuality "1"]
[TimeControl "900+10"]

1. d4 Nf6 2. c4 c6 3. Nc3 d5 4. e3 a6 5. Nf3 Bf5 6. Qb3 Qd7 7. Ne5 Qc7 8. cxd5 e6 9. dxe6 Bxe6 10. Bc4 Bxc4 11. Qxc4 Bd6 12. Nf3 O-O 13. O-O Re8 14. Qd3 c5 15. h3 Nc6 16. a3 Rad8 17. Qc2 b5 18. dxc5 Bxc5 19. Nxb5 Qb6 20. Nc3 Bd6 21. b4 Ne5 22. Nd4 Rc8 23. Bb2 Nc4 24. Nce2 Nxe3 25. Qd3 Nxf1 26. Rxf1 Be5 27. Kh1 Rcd8 28. Qf5 Bxd4 29. Nxd4 Rxd4 30. Bxd4 Qxd4 31. Qa5 Qd3 32. Kg1 h6 33. Qa4 Rd8 34. Qa5 Ne4 35. Qc7 Nd2 36. Re1 Nb3 37. Qc6 Qd2 38. Re8+ Rxe8 39. Qxe8+ Kh7 40. Qxf7 Qe1+ 41. Kh2 Qe5+ 42. g3 Nd4 43. Qc4 Nf3+ 44. Kg2 Ne1+ 45. Kf1 Nf3 46. Qd3+ g6 47. Qxf3 Qa1+ 48. Kg2 Qb2 1-0

[Event "Queen Rapid Challenge 2024"]
[Site "Bucharest"]
[Date "2024.03.10"]
[Round "4.1"]
[White "Raeva, Elitsa"]
[Black "Bulmaga, Irina"]
[Result "0-1"]
[ECO "A48"]
[WhiteElo "2185"]
[BlackElo "2429"]
[Annotator "TA"]
[PlyCount "84"]
[EventDate "2024.03.09"]
[EventType "rapid"]
[EventCountry "ROU"]
[SourceTitle "playchess.com"]
[Source "ChessBase"]
[SourceQuality "1"]
[TimeControl "900+10"]

1. d4 Nf6 2. Nf3 e6 3. Bf4 b6 4. e3 Bb7 5. Be2 g6 6. h3 Bg7 7. O-O O-O 8. Nbd2 d6 9. c3 Nbd7 10. Bg5 h6 11. Bh4 Qe7 12. Qc2 {[%emt 0:00:13] The position is equal.} e5 13. dxe5 Nxe5 14. Rfe1 a5 (14... Nxf3+ {simplifies} 15. Bxf3 Bxf3 16. Bxf6 Bxf6 17. Nxf3 Qd7) 15. Rad1 Rfe8 16. Nxe5 dxe5 (16... Qxe5 $5 17. Bg3 Qe6 $11) 17. e4 Red8 18. Bf3 Qe6 19. b3 Rd7 (19... g5 $5 20. Bg3 $8 h5 $11) 20. Nc4 Rad8 21. Rxd7 Rxd7 22. Bg3 Qe8 23. Nxe5 (23. Bxe5 $14 Re7 24. Bxf6 Bxf6 25. g3) 23... Re7 $11 24. Nc4 Nxe4 25. Bxc7 Ng5 26. Bxb7 $4 {[%emt 0:01:09][%mdl 8192] [#] This move loses the game for White.} Rxe1+ $19 27. Kh2 Qe7 28. Bg3 Qxb7 29. f4 Re7 30. fxg5 hxg5 31. Qd2 Rd7 32. Qxg5 b5 33. Nd6 Qc6 34. Qxb5 Rxd6 35. Qb8+ Bf8 {[%emt 0:00:06] ( -> ...Rd2)} 36. b4 $2 {[%emt 0:00:23] [#]} (36. Bxd6 $19 Qxd6+ 37. Qxd6 Bxd6+ 38. Kg1) 36... Kg7 37. b5 Qb6 (37... Qxc3 $2 {loses.} 38. Bxd6 Bxd6+ 39. Qxd6 $18) 38. Qe8 Re6 39. Qd7 Bd6 40. a4 Bxg3+ {[%emt 0:00:15] Black mates.} 41. Kxg3 Qe3+ 42. Kh2 Qf4+ {[%emt 0:00:07] Weighted Error Value: White=0.79/Black=0.49.  Loses game:     	White=1     	---        Mistake:       	White=3     	Black=1      Inaccurate:     	White=4     	Black=4      OK:         	White=10    	Black=7      Best:        	White=3     	Black=3} 0-1

[Event "Queen Rapid Challenge 2024"]
[Site "Bucharest"]
[Date "2024.03.10"]
[Round "4.2"]
[White "Obada, Ema"]
[Black "Cosman, Andreea-Marioara"]
[Result "1-0"]
[ECO "B90"]
[WhiteElo "1976"]
[BlackElo "2115"]
[Annotator "RC"]
[PlyCount "83"]
[EventDate "2024.03.09"]
[EventType "rapid"]
[EventCountry "ROU"]
[SourceTitle "playchess.com"]
[Source "ChessBase"]
[SourceQuality "1"]
[TimeControl "900+10"]

1. e4 c5 2. Nf3 d6 3. d4 Nf6 4. Nc3 cxd4 5. Nxd4 a6 6. f3 e5 7. Nb3 Be6 8. Be3 Nbd7 9. g4 b5 10. a4 b4 11. Nd5 Bxd5 12. exd5 Nb6 13. Bg1 Qc7 14. Bxb6 Qxb6 15. Qd2 Be7 16. O-O-O O-O 17. Kb1 Nd7 18. h4 Nc5 19. Nxc5 Qxc5 20. Bd3 Rfb8 21. b3 Qc3 22. Qc1 e4 23. Bxe4 Bf6 24. Ka2 Rb5 25. g5 Bd4 26. Rd3 Qc5 27. Rh2 Ra5 28. Rg2 Rb8 29. Qf4 Be5 30. Qf5 g6 31. Qd7 Qc8 32. Qxc8+ Rxc8 33. Kb1 Rac5 34. Rd1 Kg7 35. Rf1 f5 36. gxf6+ Kxf6 37. f4 Bd4 38. f5 Ke5 39. Re2 Rf8 40. Bg2+ Kf6 41. fxg6+ Kg7 42. Re7+ 1-0